General information
- name: BNet
- type: Ladder team game (AT/RT)
- host: Battle.net
- saver: myperch
map: RiceFields
- players: 6
- length: 117:21
- speed: Fast
- version: 1.27 W3XP
- replay type:

» download(871 KB)
Players
team 1 (loser)
ctap (
pink | 130 APM | 15312 actions | 117:20)
10 Blademaster
3 Wind Walk
3 Critical Strike
1 Bladestorm
3 Mirror Image
» actions
| Assign group hotkey | 89 | |
| Basic commands | 3753 | |
| Build / train | 184 | |
| ESC pressed | 1 | |
| Enter build submenu | 56 | |
| Enter hero's abilities submenu | 10 | |
| Give item / drop item | 2 | |
| Remove unit from queue | 2 | |
| Right click | 3653 | |
| Select / deselect | 3258 | |
| Select group hotkey | 3644 | |
| Use ability | 660 | |
15312 total
» units
| Peon | 41 | |
| Grunt | 10 | |
| Raider | 28 | |
| Troll Witch Doctor | 16 | |
| Demolisher | 11 | |
| Shaman | 14 | |
| Troll Headhunter/Berserker | 1 | |
| Kodo Beast | 1 | |
122 total
» upgrades
| Armor | 3 | |
| Ensnare | 1 | |
| Melee Weapons | 3 | |
| Witch Doctor Training | 2 | |
| Pillage | 1 | |
| Shaman Training | 2 | |
| Reinforced Defenses | 1 | |
| Burning Oil | 1 | |
| Spiked Barricades | 3 | |
| Ranged Weapons | 2 | |
| Spirit Walker Training | 1 | |
| Berserker Strength | 1 | |
| War Drums Damage Increase | 1 | |
22 total
» buildings
| Altar of Storms | 1 | |
| Orc Burrow | 10 | |
| Barracks | 1 | |
| Voodoo Lounge | 3 | |
| Stronghold | 1 | |
| War Mill | 2 | |
| Beastiary | 1 | |
| Great Hall | 5 | |
| Fortress | 1 | |
| Spirit Lodge | 1 | |
| Watch Tower | 32 | |
58 total
» build order
00:09 Altar of Storms
00:21 Orc Burrow
00:36 Barracks
01:35 Orc Burrow
01:54 Voodoo Lounge
04:11 Stronghold
04:42 War Mill
05:41 War Mill
05:51 Orc Burrow
06:42 Beastiary
07:11 Great Hall
08:34 Fortress
08:37 Spirit Lodge
10:25 Orc Burrow
11:00 Orc Burrow
15:14 Orc Burrow
17:36 Watch Tower
17:38 Watch Tower
18:34 Watch Tower
19:09 Watch Tower
20:43 Watch Tower
20:47 Orc Burrow
24:42 Watch Tower
29:22 Great Hall
29:47 Watch Tower
29:49 Watch Tower
29:52 Watch Tower
31:22 Watch Tower
35:45 Watch Tower
35:47 Watch Tower
35:50 Watch Tower
36:53 Great Hall
36:57 Watch Tower
37:01 Watch Tower
38:43 Watch Tower
40:09 Watch Tower
40:15 Watch Tower
42:09 Watch Tower
42:12 Watch Tower
44:32 Watch Tower
44:37 Watch Tower
45:54 Orc Burrow
47:26 Watch Tower
47:29 Watch Tower
49:55 Watch Tower
50:49 Watch Tower
52:29 Watch Tower
52:39 Watch Tower
54:10 Watch Tower
54:24 Watch Tower
56:23 Voodoo Lounge
56:26 Watch Tower
59:49 Great Hall
60:01 Voodoo Lounge
61:58 Great Hall
64:04 Watch Tower
90:10 Orc Burrow
97:10 Orc Burrow
» items
| Healing Salve | 8 | |
| Lesser Clarity Potion | 4 | |
| Potion of Healing | 3 | |
| Scroll of Town Portal | 5 | |
| Orb of Lightning | 1 | |
| Tiny Great Hall | 1 | |
22 total
Major7 (
green | 107 APM | 12603 actions | 117:20)
6 Demon Hunter
3 Mana Burn
2 Evasion
1 Metamorphosis
3 Keeper of the Grove
1 Entangling Roots
2 Thorns Aura
4 Priestess of the Moon
2 Trueshot Aura
2 Scout
» actions
| Assign group hotkey | 89 | |
| Basic commands | 839 | |
| Build / train | 187 | |
| ESC pressed | 21 | |
| Enter build submenu | 72 | |
| Enter hero's abilities submenu | 14 | |
| Give item / drop item | 2 | |
| Right click | 4049 | |
| Select / deselect | 2033 | |
| Select group hotkey | 4963 | |
| Use ability | 334 | |
12603 total
» units
| Wisp | 62 | |
| Archer | 25 | |
| Druid of the Talon | 8 | |
| Dryad | 4 | |
| Druid of the Claw | 5 | |
| Glaive Thrower | 10 | |
| Hippogryph | 8 | |
| Mountain Giant | 8 | |
130 total
» upgrades
| Improved Bows | 1 | |
| Ultravision | 1 | |
| Strength of the Moon | 3 | |
| Abolish Magic | 1 | |
| Reinforced Hides | 3 | |
| Druid of the Talon Training | 2 | |
| Druid of the Claw Training | 2 | |
| Marksmanship | 1 | |
| Mark of the Claw | 1 | |
| Mark of the Talon | 1 | |
| Nature's Blessing | 1 | |
| Vorpal Blades | 1 | |
| Moon Armor | 3 | |
| Hardened Skin | 1 | |
| Resistant Skin | 1 | |
| Strength of the Wild | 4 | |
| Well Spring | 1 | |
28 total
» buildings
| Ancient of War | 1 | |
| Moon Well | 18 | |
| Altar of Elders | 2 | |
| Tree of Ages | 2 | |
| Ancient of Wonders | 2 | |
| Hunter's Hall | 2 | |
| Ancient of Wind | 1 | |
| Ancient of Lore | 3 | |
| Tree of Eternity | 2 | |
| Tree of Life | 5 | |
| Ancient Protector | 40 | |
78 total
» build order
00:25 Ancient of War
00:33 Moon Well
00:49 Altar of Elders
01:10 Moon Well
03:25 Tree of Ages
03:58 Moon Well
04:40 Ancient of Wonders
04:43 Hunter's Hall
05:06 Moon Well
05:54 Ancient of Wind
05:59 Ancient of Lore
08:34 Tree of Eternity
10:22 Moon Well
11:22 Moon Well
11:27 Moon Well
11:59 Tree of Life
12:34 Moon Well
15:17 Ancient of Lore
18:56 Ancient Protector
18:57 Ancient Protector
18:58 Ancient Protector
19:09 Ancient Protector
21:04 Ancient Protector
21:32 Ancient Protector
27:22 Ancient Protector
27:26 Ancient Protector
32:59 Ancient Protector
32:59 Ancient Protector
33:00 Ancient Protector
33:01 Ancient Protector
43:20 Ancient Protector
43:20 Ancient Protector
43:21 Ancient Protector
43:21 Ancient Protector
43:26 Ancient Protector
43:27 Ancient Protector
43:27 Ancient Protector
43:28 Ancient Protector
46:27 Tree of Life
58:16 Tree of Life
64:36 Ancient Protector
65:44 Ancient Protector
65:44 Ancient Protector
68:50 Ancient Protector
70:41 Tree of Life
70:57 Ancient Protector
74:22 Ancient Protector
74:53 Tree of Ages
75:15 Ancient Protector
75:20 Ancient Protector
77:28 Ancient Protector
77:28 Ancient Protector
78:04 Ancient Protector
78:14 Ancient Protector
78:14 Ancient Protector
79:46 Ancient Protector
81:49 Tree of Eternity
82:47 Ancient Protector
82:53 Ancient Protector
83:16 Ancient Protector
85:24 Tree of Life
86:30 Ancient of Lore
86:37 Moon Well
86:45 Moon Well
88:19 Moon Well
88:23 Altar of Elders
89:50 Moon Well
90:50 Moon Well
91:54 Ancient of Wonders
91:57 Moon Well
93:02 Hunter's Hall
93:44 Moon Well
94:12 Ancient Protector
96:55 Moon Well
97:32 Ancient Protector
104:38 Moon Well
104:44 Ancient Protector
105:38 Moon Well
» items
| Scroll of Town Portal | 2 | |
| Potion of Healing | 2 | |
| Anti-magic Potion | 1 | |
| Orb of Venom | 1 | |
| Staff of Preservation | 1 | |
| Healing Salve | 2 | |
9 total
slog2 (
teal | 49 APM | 5741 actions | 117:20)
3 Paladin
2 Holy Light
1 Devotion Aura
2 Archmage
1 Summon Water Elemental
1 Brilliance Aura
1 Mountain King
1 Storm Bolt
» actions
| Assign group hotkey | 80 | |
| Basic commands | 334 | |
| Build / train | 112 | |
| ESC pressed | 2 | |
| Enter build submenu | 17 | |
| Enter hero's abilities submenu | 6 | |
| Give item / drop item | 1 | |
| Right click | 2713 | |
| Select / deselect | 907 | |
| Select group hotkey | 1490 | |
| Use ability | 79 | |
5741 total
» units
| Peasant | 26 | |
| Footman | 10 | |
| Rifleman | 9 | |
| Priest | 3 | |
| Sorceress | 2 | |
| Knight | 3 | |
| Mortar Team | 20 | |
| Siege Engine | 9 | |
82 total
» upgrades
| Priest Training | 2 | |
| Sorceress Training | 2 | |
| Swords | 1 | |
| Armor | 1 | |
| Masonry | 2 | |
| Lumber Harvesting | 1 | |
| Animal War Training | 1 | |
| Flying Machine Bombs | 1 | |
| Flare | 1 | |
| Barrage | 1 | |
13 total
» buildings
| Altar of Kings | 1 | |
| Barracks | 1 | |
| Farm | 9 | |
| Lumber Mill | 1 | |
| Keep | 1 | |
| Arcane Vault | 1 | |
| Blacksmith | 1 | |
| Arcane Sanctum | 1 | |
| Castle | 1 | |
| Scout Tower | 5 | |
| Guard Tower | 1 | |
| Workshop | 1 | |
24 total
» build order
00:12 Altar of Kings
00:25 Barracks
00:39 Farm
00:53 Farm
02:03 Farm
02:47 Farm
04:45 Lumber Mill
07:30 Keep
08:34 Arcane Vault
08:42 Blacksmith
10:22 Arcane Sanctum
11:08 Farm
11:13 Farm
11:13 Farm
11:14 Farm
11:17 Farm
13:57 Castle
14:12 Scout Tower
14:18 Scout Tower
14:19 Scout Tower
14:21 Scout Tower
14:22 Scout Tower
17:05 Guard Tower
20:56 Workshop
» items
| Scroll of Regeneration | 2 | |
| Potion of Healing | 2 | |
| Scroll of Town Portal | 1 | |
5 total
team 2 (winner)
iggy_the_fisk (
purple | 104 APM | 12230 actions | 117:20)
8 Archmage
3 Blizzard
3 Brilliance Aura
1 Mass Teleport
1 Summon Water Elemental
7 Blood Mage
3 Flame Strike
3 Siphon Mana
1 Summon Phoenix
7 Pit Lord
3 Rain of Fire
3 Cleaving Attack
1 Doom
» actions
| Assign group hotkey | 557 | |
| Basic commands | 77 | |
| Build / train | 178 | |
| Enter build submenu | 129 | |
| Enter hero's abilities submenu | 24 | |
| Give item / drop item | 13 | |
| Right click | 5834 | |
| Select / deselect | 1223 | |
| Select group hotkey | 3370 | |
| Use ability | 823 | |
12230 total
» units
» upgrades
| Masonry | 3 | |
| Lumber Harvesting | 2 | |
| Magic Sentry | 1 | |
| Priest Training | 2 | |
| Control Magic | 1 | |
9 total
» buildings
| Altar of Kings | 1 | |
| Farm | 5 | |
| Lumber Mill | 1 | |
| Scout Tower | 138 | |
| Arcane Tower | 15 | |
| Guard Tower | 65 | |
| Keep | 1 | |
| Arcane Vault | 3 | |
| Town Hall | 1 | |
| Castle | 1 | |
| Arcane Sanctum | 1 | |
232 total
» build order
00:04 Altar of Kings
00:14 Farm
00:38 Lumber Mill
00:50 Scout Tower
01:05 Farm
01:12 Scout Tower
01:18 Scout Tower
01:24 Arcane Tower
01:44 Scout Tower
01:51 Scout Tower
01:52 Arcane Tower
01:53 Arcane Tower
01:54 Arcane Tower
02:06 Guard Tower
02:07 Scout Tower
02:19 Scout Tower
02:20 Guard Tower
02:23 Scout Tower
02:30 Farm
02:35 Guard Tower
02:36 Scout Tower
02:46 Guard Tower
02:47 Scout Tower
03:09 Guard Tower
03:11 Scout Tower
03:14 Guard Tower
03:17 Scout Tower
03:18 Scout Tower
03:41 Keep
04:11 Guard Tower
04:13 Scout Tower
04:14 Scout Tower
04:21 Arcane Vault
04:23 Guard Tower
04:25 Scout Tower
04:28 Scout Tower
04:44 Arcane Tower
05:06 Scout Tower
05:06 Scout Tower
05:07 Scout Tower
05:12 Scout Tower
05:13 Scout Tower
05:13 Scout Tower
05:14 Scout Tower
05:16 Arcane Tower
05:29 Arcane Vault
05:40 Guard Tower
06:01 Guard Tower
06:02 Guard Tower
06:02 Guard Tower
06:22 Scout Tower
06:25 Guard Tower
06:46 Guard Tower
06:53 Guard Tower
07:16 Farm
08:21 Guard Tower
08:24 Scout Tower
08:25 Scout Tower
08:31 Scout Tower
08:32 Scout Tower
09:18 Town Hall
09:21 Scout Tower
09:22 Scout Tower
09:23 Scout Tower
09:25 Scout Tower
09:25 Scout Tower
09:26 Scout Tower
09:27 Castle
09:38 Arcane Tower
09:38 Guard Tower
09:40 Scout Tower
09:45 Arcane Sanctum
09:48 Scout Tower
09:49 Scout Tower
09:51 Scout Tower
09:56 Guard Tower
10:01 Scout Tower
10:02 Scout Tower
10:02 Scout Tower
10:03 Scout Tower
10:20 Guard Tower
10:21 Scout Tower
11:05 Scout Tower
11:07 Guard Tower
11:10 Guard Tower
11:11 Guard Tower
11:17 Scout Tower
12:00 Arcane Tower
12:01 Scout Tower
12:30 Guard Tower
12:31 Scout Tower
12:31 Scout Tower
12:35 Scout Tower
12:37 Arcane Tower
12:43 Scout Tower
12:44 Scout Tower
12:49 Guard Tower
12:57 Scout Tower
13:05 Guard Tower
13:14 Arcane Vault
13:18 Arcane Tower
13:32 Guard Tower
13:35 Scout Tower
13:36 Scout Tower
13:40 Guard Tower
13:49 Scout Tower
13:54 Scout Tower
13:56 Scout Tower
13:57 Scout Tower
14:14 Guard Tower
14:15 Scout Tower
15:08 Guard Tower
15:12 Scout Tower
15:15 Guard Tower
15:17 Scout Tower
15:18 Scout Tower
15:19 Guard Tower
15:22 Scout Tower
15:23 Scout Tower
15:23 Scout Tower
15:24 Scout Tower
15:25 Scout Tower
15:25 Scout Tower
16:17 Guard Tower
16:19 Scout Tower
16:19 Scout Tower
16:39 Scout Tower
16:41 Scout Tower
16:44 Scout Tower
16:49 Guard Tower
16:51 Scout Tower
16:52 Scout Tower
16:53 Scout Tower
16:54 Scout Tower
17:29 Guard Tower
19:08 Guard Tower
19:12 Guard Tower
19:16 Guard Tower
19:18 Scout Tower
19:19 Scout Tower
20:21 Arcane Tower
20:22 Guard Tower
20:25 Scout Tower
20:54 Guard Tower
20:55 Scout Tower
20:56 Scout Tower
21:02 Guard Tower
21:33 Scout Tower
21:34 Scout Tower
21:35 Scout Tower
21:36 Scout Tower
21:41 Scout Tower
21:42 Scout Tower
21:51 Guard Tower
23:20 Scout Tower
24:13 Guard Tower
24:22 Arcane Tower
24:28 Scout Tower
24:29 Scout Tower
24:30 Scout Tower
24:44 Scout Tower
26:19 Guard Tower
26:20 Scout Tower
26:38 Scout Tower
26:39 Scout Tower
26:39 Scout Tower
27:20 Guard Tower
27:28 Scout Tower
27:29 Scout Tower
28:37 Guard Tower
29:03 Scout Tower
29:05 Scout Tower
29:05 Scout Tower
29:06 Scout Tower
29:14 Scout Tower
29:14 Scout Tower
29:16 Scout Tower
29:16 Scout Tower
29:40 Scout Tower
29:41 Scout Tower
29:42 Scout Tower
29:43 Scout Tower
29:43 Scout Tower
29:44 Scout Tower
29:46 Arcane Tower
29:59 Scout Tower
30:00 Scout Tower
30:40 Scout Tower
31:18 Guard Tower
31:35 Scout Tower
32:24 Guard Tower
32:39 Scout Tower
32:53 Guard Tower
33:04 Guard Tower
33:06 Scout Tower
33:10 Guard Tower
33:11 Scout Tower
33:40 Guard Tower
34:34 Scout Tower
34:44 Guard Tower
34:50 Scout Tower
34:52 Scout Tower
34:53 Scout Tower
35:13 Guard Tower
35:15 Scout Tower
35:15 Scout Tower
35:46 Guard Tower
36:10 Guard Tower
36:16 Scout Tower
37:15 Guard Tower
37:22 Scout Tower
37:22 Scout Tower
37:57 Guard Tower
38:24 Guard Tower
38:26 Scout Tower
38:27 Scout Tower
39:05 Arcane Tower
39:21 Guard Tower
39:27 Scout Tower
39:28 Scout Tower
39:56 Guard Tower
40:53 Guard Tower
42:12 Scout Tower
42:15 Scout Tower
42:16 Scout Tower
43:17 Guard Tower
43:19 Guard Tower
43:23 Scout Tower
44:33 Guard Tower
44:48 Guard Tower
54:11 Farm
» items
| Scroll of Regeneration | 5 | |
| Staff of Sanctuary | 3 | |
| Orb of Lightning | 1 | |
| Scroll of Town Portal | 13 | |
| Healing Salve | 3 | |
| Claws of Attack +15 | 2 | |
| Mechanical Critter | 6 | |
| Ring of Protection +5 | 3 | |
36 total
myperch (
yellow | 92 APM | 10844 actions | 117:21)
8 Demon Hunter
3 Mana Burn
3 Evasion
1 Metamorphosis
1 Immolation
» actions
| Assign group hotkey | 10 | |
| Basic commands | 15 | |
| Build / train | 69 | |
| ESC pressed | 1 | |
| Enter build submenu | 16 | |
| Enter hero's abilities submenu | 8 | |
| Give item / drop item | 4 | |
| Remove unit from queue | 3 | |
| Right click | 8360 | |
| Select / deselect | 768 | |
| Select group hotkey | 1231 | |
| Use ability | 358 | |
10844 total
» units
» upgrades
| Well Spring | 1 | |
| Ultravision | 1 | |
| Nature's Blessing | 1 | |
| Strength of the Wild | 3 | |
| Reinforced Hides | 3 | |
| Corrosive Breath | 1 | |
10 total
» buildings
| Altar of Elders | 1 | |
| Moon Well | 8 | |
| Tree of Ages | 1 | |
| Tree of Eternity | 1 | |
| Hunter's Hall | 1 | |
| Ancient of Wind | 1 | |
| Tree of Life | 1 | |
| Chimaera Roost | 1 | |
| Ancient of Wonders | 1 | |
16 total
» build order
00:07 Altar of Elders
00:23 Moon Well
01:19 Moon Well
04:07 Tree of Ages
04:30 Moon Well
04:32 Moon Well
06:42 Tree of Eternity
08:18 Hunter's Hall
08:50 Ancient of Wind
09:02 Tree of Life
13:25 Chimaera Roost
34:20 Moon Well
34:21 Moon Well
34:22 Moon Well
34:23 Moon Well
40:16 Ancient of Wonders
» items
| Orb of Lightning | 1 | |
| Healing Salve | 1 | |
| Lesser Clarity Potion | 2 | |
| Claws of Attack +15 | 3 | |
| Kelen's Dagger of Escape | 4 | |
| Staff of Sanctuary | 1 | |
| Mechanical Critter | 2 | |
14 total
nutsonyochin.de (
red | 77 APM | 9052 actions | 117:20)
10 Blademaster
3 Wind Walk
3 Critical Strike
1 Bladestorm
3 Mirror Image
» actions
| Assign group hotkey | 19 | |
| Basic commands | 222 | |
| Build / train | 66 | |
| ESC pressed | 5 | |
| Enter build submenu | 48 | |
| Enter hero's abilities submenu | 13 | |
| Give item / drop item | 15 | |
| Right click | 6515 | |
| Select / deselect | 575 | |
| Select group hotkey | 1159 | |
| Use ability | 412 | |
9052 total
» units
» upgrades
| Spiked Barricades | 3 | |
| Liquid Fire | 1 | |
| Reinforced Defenses | 1 | |
| Ranged Weapons | 3 | |
| Armor | 3 | |
11 total
» buildings
| Altar of Storms | 1 | |
| Voodoo Lounge | 3 | |
| Orc Burrow | 6 | |
| War Mill | 1 | |
| Stronghold | 2 | |
| Watch Tower | 40 | |
| Fortress | 1 | |
| Beastiary | 2 | |
56 total
» build order
00:06 Altar of Storms
00:16 Voodoo Lounge
00:19 Orc Burrow
00:59 War Mill
02:32 Stronghold
02:32 Stronghold
02:47 Watch Tower
03:41 Watch Tower
03:41 Watch Tower
04:24 Watch Tower
04:25 Watch Tower
04:35 Watch Tower
04:36 Watch Tower
04:38 Watch Tower
04:53 Fortress
05:03 Beastiary
05:46 Beastiary
06:34 Orc Burrow
06:35 Orc Burrow
07:02 Watch Tower
07:02 Watch Tower
07:05 Watch Tower
10:40 Voodoo Lounge
10:44 Voodoo Lounge
11:11 Orc Burrow
12:56 Orc Burrow
13:00 Orc Burrow
15:27 Watch Tower
15:28 Watch Tower
15:28 Watch Tower
15:30 Watch Tower
15:31 Watch Tower
15:32 Watch Tower
15:33 Watch Tower
15:33 Watch Tower
15:34 Watch Tower
15:36 Watch Tower
15:36 Watch Tower
15:37 Watch Tower
15:39 Watch Tower
15:40 Watch Tower
15:41 Watch Tower
15:43 Watch Tower
15:44 Watch Tower
15:45 Watch Tower
15:46 Watch Tower
16:54 Watch Tower
16:55 Watch Tower
19:31 Watch Tower
19:32 Watch Tower
20:10 Watch Tower
20:12 Watch Tower
20:33 Watch Tower
21:03 Watch Tower
21:40 Watch Tower
21:54 Watch Tower
» items
| Healing Salve | 3 | |
| Lesser Clarity Potion | 3 | |
| Orb of Lightning | 1 | |
| Potion of Greater Healing | 1 | |
| Orb of Frost | 2 | |
| Kelen's Dagger of Escape | 3 | |
| Claws of Attack +15 | 4 | |
17 total
Chat log
(19:49 / All) nutsonyochin.de: whose perch???
(57:35 / All) myperch: u guys use any "Performance Enhancers"?
(64:54 / All) myperch: slog
(68:29 / All) myperch: slog
(75:24 / All) myperch: ru?
(75:31 / All) nutsonyochin.de: ))
(80:52 / All) nutsonyochin.de: are you guys bots
(83:14 / All) iggy_the_fisk: what's your plan with these ancient protectors GUY
(83:59 / All) myperch: green!
(84:04 / All) myperch: why are you teching!!
(84:07 / All) myperch: answer now!!!!!!!
(85:34 / All) myperch: heheh
(89:34 / All) myperch: answer me
(89:35 / All) myperch: are u living? or dead
(89:42 / All) nutsonyochin.de: Are You A Computer Porgram
(89:51 / All) myperch: Computer Porgasm
(92:38 / All) myperch: `exec('cat /etc/passwd')`
(94:44 / All) myperch: LOL
(96:05 / All) iggy_the_fisk: nice try umberto
(97:39 / All) iggy_the_fisk: hmmm you got any gold?
(97:42 / All) iggy_the_fisk: trade for lumber?
(100:57 / All) myperch: bye
(103:51 / All) myperch: gg
(106:02 / All) nutsonyochin.de: 1 sec please
(109:21 / All) myperch: hey
(109:34 / All) myperch: from?
(111:31 / All) myperch: leavthegame
(112:45 / All) nutsonyochin.de: GG